 Dungeon Crawl Stone Soup version 0.29-a0-845-g6161e89988 (webtiles) character file.

Game seed: 9729255495085220851

60 frimble the Conjurer (level 3, 0/24 HPs)
             Began as a Demonspawn Hedge Wizard on July 15, 2022.
             Killed by divine providence
             ... invoked by an orc priest
              (12 damage)
             ... on level 2 of the Dungeon.
             The game lasted 00:03:19 (2132 turns).

frimble the Conjurer (Demonspawn Hedge Wizard)      Turns: 2132, Time: 00:03:20

Health: 0/24       AC:  6    Str: 10    XL:     3   Next: 82%
Magic:  1/7        EV: 12    Int: 17    God:
Gold:   101        SH:  0    Dex: 12    Spells: 5/8 levels left

rFire   . . .      SeeInvis .   a - +0 dagger
rCold   . . .      Faith    .   (no shield)
rNeg    + . .      Spirit   .   b - +0 robe
rPois   .          Reflect  .   c - +0 hat
rElec   .          Harm     .   (no cloak)
rCorr   .          Rampage  .   (no gloves)
Will    .....                   (no boots)
Stlth   ++........              (no amulet)
HPRegen 0.08/turn               e - ring of positive energy
MPRegen 0.10/turn               g - +4 ring of protection

@: attractive, invisible
A: powered by death 1
a: no special abilities


You were on level 2 of the Dungeon.
You visited 1 branch of the dungeon, and saw 2 of its levels.

You collected 101 gold pieces.

Inventory:

Hand Weapons
 a - a +0 dagger (weapon)
Armour
 b - a +0 robe (worn)
 c - a +0 hat (worn)
Jewellery
 e - a ring of positive energy (left hand)
 g - a +4 ring of protection (right hand)
Potions
 d - a potion of attraction
 h - 2 potions of resistance {unknown}
 i - a potion of heal wounds {unknown}
 j - a potion of haste {unknown}


   Skills:
 + Level 0.8 Short Blades
 - Level 1.7 Dodging
 - Level 1.7 Stealth
 - Level 3.0 Spellcasting
 - Level 3.5 Conjurations
 - Level 1.0 Summonings
 - Level 0.8 Translocations


You had 5 spell levels left.
You knew the following spells:

 Your Spells              Type           Power      Damage    Failure   Level
a - Magic Dart            Conj           56%        1d5       4%          1
b - Blink                 Tloc           10%        N/A       19%         2

Your spell library contained the following spells:

 Spells                   Type           Power      Damage    Failure   Level
 Beastly Appendage        Tmut           4%         N/A       17%         1
 Slow                     Hex            8%         N/A       17%         1
 Call Imp                 Summ           5%         N/A       17%         2
 Wereblood                Tmut           2%         N/A       26%         2
 Conjure Flame            Conj/Fire      8%         6-21      26%         3
 Mephitic Cloud           Conj/Pois/Air  6%         N/A       32%         3
 Spider Form              Tmut/Pois      2%         N/A       45%         3


Dungeon Overview and Level Annotations

Branches:
Dungeon (2/15)

Altars:


Innate Abilities, Weirdness & Mutations

You regenerate a little health from kills.


Message History

You aren't carrying any scrolls.
Unknown command.
Okay, then.
Unknown command.
It was a potion of attraction.
You feel attractive to monsters. The orc hits you with a +0 hand axe.
Aiming: Magic Dart (safe; 4% risk of failure)
Press: ? - help, Q - select action, (/) - cycle Shift-Dir - straight line, f - orc
Aim: an orc, wielding a +0 hand axe (100% to hit)
The magic dart hits the orc.
The orc is lightly wounded.
The orc hits you with a +0 hand axe.
Aiming: Magic Dart (safe; 4% risk of failure)
Press: ? - help, Q - select action, (/) - cycle Shift-Dir - straight line, f - orc priest, p - orc
Aim: an orc priest, wielding a +0 club (100% to hit)
The magic dart hits the orc.
The orc is almost dead.
The orc closely misses you.
Aiming: Magic Dart (safe; 4% risk of failure)
Press: ? - help, Q - select action, (/) - cycle Shift-Dir - straight line, f/p - orc priest
Aim: an orc priest, wielding a +0 club (100% to hit)
The magic dart hits the orc.
You kill the orc!
It was a potion of invisibility.
You fade into invisibility!
The orc priest begins to cast a cantrip, but forgets the words!
You barely miss the orc priest.
The orc priest invokes the aid of Beogh against you.
You barely resist.
You catch the helpless orc priest completely off-guard!
You puncture the orc priest!
The orc priest is heavily wounded.
The orc priest hits you with a +0 club.
You hit the orc priest.
The orc priest is severely wounded.
The orc priest mumbles some strange prayers to Beogh against you.
Beogh smites you!
Ouch! That really hurt!
You die...

##.###.# ..<..#.#
##.#.#.## #.#....##
#.#.....######
#............#
###.#.######.#
####################
.......#........@o.#
######.#.#########.#
.#.....#.....#.....#
.#.#########.#o#######
.#......†....#..o.oo.#
####################.#
'...o.o...#
###..o.#### #.#.#


You could see an orc priest (unable to see you).

Vanquished Creatures
  A dart slug (D:1)
  2 orcs (D:2)
  6 ball pythons
  4 endoplasms
  2 giant cockroaches (D:1)
  4 goblins (D:1)
  3 hobgoblins
  7 jackals (D:1)
  A quokka (D:2)
  2 bats (D:1)
  A frilled lizard (D:1)
  23 rats
56 creatures vanquished.

Notes
Turn   | Place    | Note
-------+----------+-------------------------------------------
     0 | D:1      | frimble the Demonspawn Hedge Wizard began the quest for the
                  | Orb.
     0 | D:1      | Reached XP level 1. HP: 13/13 MP: 4/4
   325 | D:1      | Gained mutation: You regenerate a little health from kills.
                  | [demonic ancestry]
   325 | D:1      | Reached XP level 2. HP: 11/19 MP: 0/6
   754 | D:1      | Reached XP level 3. HP: 9/24 MP: 0/7
  1253 | D:1      | Learned a level 2 spell: Blink
  2132 | D:2      | Killed from afar by an orc priest

Illustrated notes

Levels and vault maps discovered:
D:1:      grunt_arrival_crossed_arrows, layout_basic
D:2:      layout_loops_corners, roderic_serpentine_path, minmay_misc_feat_tower,
          minmay_rat_hole

Skill      XL: |  1  2 |
---------------+-------+-----
Conjurations   | 2 3 |  3.5
Short Blades   | |  0.8
Dodging        | |  1.7
Stealth        | |  1.7
Spellcasting   | |  3.0
Summonings     | |  1.0
Translocations | |  0.8

Action                   || total
-------------------------++-------
Melee: Dagger            ||   135
       Punch             ||     3
 Cast: Magic Dart        ||    79
  Use: Potion            ||     3
       Scroll            ||     3
 Stab: Sleeping          ||     2
       Invisible         ||     1
Armor: Robe              ||    50
Dodge: Dodged            ||    96

Table legend: (Time is in decaauts)
 A = Elapsed time spent in this place.
 B = Non-inter-level travel time spent in this place.
 C = Inter-level travel time spent in this place.
 D = Time resting spent in this place.
 E = Time spent auto-exploring this place.
 F = Levels seen in this place.
 G = Mean time per level.
                   A        B        C        D        E       F      G
               +--------+--------+--------+--------+--------+-----+--------+
         Total |   2130 |   2117 |     13 |      0 |   1758 |   2 | 1065.0 |
       Dungeon |   2130 |   2117 |     13 |      0 |   1758 |   2 | 1065.0 |
               +--------+--------+--------+--------+--------+-----+--------+

Top non-repeatable levels by time:
     D:1: 1362 daAuts
     D:2: 767 daAuts
